[Event "45th FIDE Olympiad 2024"]
[Site "Budapest"]
[Date "2024.09.13"]
[Round "3.191"]
[White "Chan, Pui Yin Brandon"]
[Black "Uruci, Endrit"]
[Result "0-1"]
[ECO "B32"]
[WhiteElo "2016"]
[BlackElo "2348"]
[Annotator "RC"]
[PlyCount "100"]
[EventDate "2024.09.05"]
[EventType "team-tourn"]
[EventCountry "HUN"]
[SourceTitle "playchess.com"]
[Source "ChessBase"]
[SourceQuality "1"]
[WhiteTeam "Hong Kong, China"]
[BlackTeam "Kosovo"]
[BlackTeamCountry "KOS"]
[TimeControl "40/5400+30:1800+30"]

1. e4 c5 2. Nf3 Nc6 3. d4 cxd4 4. Nxd4 e5 5. Nb5 a6 6. Nd6+ Bxd6 7. Qxd6 Qe7 8. Qd1 Nf6 9. Nc3 d6 10. Bg5 Be6 11. Nd5 Bxd5 12. exd5 Nb8 13. c4 h6 14. Be3 Nbd7 15. Be2 O-O 16. O-O Nh7 17. Rc1 f5 18. f3 Nhf6 19. c5 f4 20. Bf2 e4 21. cxd6 Qxd6 22. fxe4 Nxe4 23. Bd4 Ne5 24. b4 Qxd5 25. Ba1 Rad8 26. Qxd5+ Rxd5 27. Rc7 Nd2 28. Re7 Rf5 29. Rc1 f3 30. gxf3 Ndxf3+ 31. Kh1 Rg5 32. Bxe5 Nxe5 33. Rc5 Rxc5 34. bxc5 Ng6 35. Rxb7 Rxc5 36. Bxa6 Nh4 37. Rb1 Rc2 38. Bb7 Kf8 39. Ra1 Rb2 40. Be4 Re2 41. Bb7 Rb2 42. Be4 Rb4 43. Bc6 Ke7 44. a4 Kd6 45. Bg2 Rb2 46. a5 Nxg2 47. a6 Nh4 48. a7 Nf3 49. Ra6+ Ke7 50. a8=Q Rxh2# 0-1

[Event "45th FIDE Olympiad 2024"]
[Site "Budapest"]
[Date "2024.09.13"]
[Round "3.192"]
[White "Asllani, Muhamet"]
[Black "Li, Yiheng"]
[Result "1/2-1/2"]
[ECO "B86"]
[WhiteElo "2191"]
[BlackElo "1893"]
[Annotator "RC"]
[PlyCount "144"]
[EventDate "2024.09.05"]
[EventType "team-tourn"]
[EventCountry "HUN"]
[SourceTitle "playchess.com"]
[Source "ChessBase"]
[SourceQuality "1"]
[WhiteTeam "Kosovo"]
[BlackTeam "Hong Kong, China"]
[WhiteTeamCountry "KOS"]
[TimeControl "40/5400+30:1800+30"]

1. e4 c5 2. Nf3 d6 3. d4 cxd4 4. Nxd4 Nf6 5. Bc4 e6 6. Nc3 a6 7. a4 Be7 8. a5 O-O 9. O-O Bd7 10. Be3 Nc6 11. Nb3 Nb4 12. Bb6 Qc8 13. Be2 Bc6 14. Qd2 d5 15. e5 Ne4 16. Nxe4 dxe4 17. c4 Be8 18. Qf4 f5 19. exf6 Bg6 20. h4 Rxf6 21. Qd2 h6 22. h5 Bh7 23. Bd4 Rf7 24. Bb6 Nd3 25. Bxd3 exd3 26. Rac1 e5 27. f3 Qf5 28. Bc5 Qxh5 29. Bxe7 Rxe7 30. Rfe1 Rf8 31. Nc5 Qg5 32. Qxg5 hxg5 33. Rcd1 Rd8 34. Kf2 Rd4 35. b3 Kf7 36. Rd2 g4 37. fxg4 Rxg4 38. Nxd3 Bxd3 39. Rxd3 Rf4+ 40. Rf3 Rxf3+ 41. Kxf3 Ke6 42. Rd1 Rf7+ 43. Ke3 g5 44. Rd8 Kf5 45. Kf3 g4+ 46. Ke3 Rh7 47. Rf8+ Ke6 48. Ke4 Rh2 49. Rf2 Rh1 50. Rf8 Re1+ 51. Kd3 Rd1+ 52. Kc3 Rd7 53. b4 e4 54. b5 axb5 55. cxb5 Ke5 56. g3 Rc7+ 57. Kd2 Rc5 58. a6 bxa6 59. bxa6 Ra5 60. Re8+ Kf6 61. Ra8 Kg7 62. Ke3 Ra3+ 63. Kf4 e3 64. Kxg4 e2 65. Re8 Rxa6 66. Rxe2 Kg6 67. Re4 Rb6 68. Kf4 Ra6 69. Rd4 Rb6 70. Ke5 Kg5 71. g4 Rh6 72. Ra4 Rh4 1/2-1/2

[Event "45th FIDE Olympiad 2024"]
[Site "Budapest"]
[Date "2024.09.13"]
[Round "3.193"]
[White "Atabayev, Saparmyrat"]
[Black "Pg, Md Omar Ak Hafizon"]
[Result "1-0"]
[ECO "B42"]
[WhiteElo "2516"]
[BlackElo "2159"]
[Annotator "RC"]
[PlyCount "45"]
[EventDate "2024.09.05"]
[EventType "team-tourn"]
[EventCountry "HUN"]
[SourceTitle "playchess.com"]
[Source "ChessBase"]
[SourceQuality "1"]
[WhiteTeam "Turkmenistan"]
[BlackTeam "Brunei Darussalam"]
[WhiteTeamCountry "TKM"]
[TimeControl "40/5400+30:1800+30"]

1. e4 c5 2. Nf3 e6 3. d4 cxd4 4. Nxd4 a6 5. Bd3 Bc5 6. Nb3 Be7 7. O-O Nc6 8. f4 d6 9. c4 Bf6 10. Nc3 Nge7 11. Be3 Rb8 12. Qf3 Nb4 13. Rad1 Nxd3 14. Rxd3 Bxc3 15. bxc3 Qc7 16. c5 d5 17. exd5 exd5 18. f5 Bxf5 19. Bf4 Qc8 20. Bd6 O-O 21. Bxe7 Be4 22. Qg3 Bxd3 23. Bxf8 1-0

[Event "45th FIDE Olympiad 2024"]
[Site "Budapest"]
[Date "2024.09.13"]
[Round "3.194"]
[White "Yee, Soon Wei"]
[Black "Annaberdiyev, Meylis"]
[Result "0-1"]
[ECO "C09"]
[WhiteElo "2219"]
[BlackElo "2431"]
[Annotator "RC"]
[PlyCount "62"]
[EventDate "2024.09.05"]
[EventType "team-tourn"]
[EventCountry "HUN"]
[SourceTitle "playchess.com"]
[Source "ChessBase"]
[SourceQuality "1"]
[WhiteTeam "Brunei Darussalam"]
[BlackTeam "Turkmenistan"]
[BlackTeamCountry "TKM"]
[TimeControl "40/5400+30:1800+30"]

1. e4 c5 2. c3 e6 3. Nf3 d5 4. exd5 exd5 5. d4 Nc6 6. Bb5 Bd6 7. O-O Nge7 8. dxc5 Bxc5 9. Nbd2 O-O 10. Nb3 Bb6 11. h3 Qd6 12. Nbd4 Nxd4 13. Nxd4 Bc7 14. Nf3 Bf5 15. Bd3 Bg6 16. Bg5 Bh5 17. Bxe7 Qxe7 18. g4 Bg6 19. Bxg6 hxg6 20. Qxd5 Rad8 21. Qg5 Qe2 22. Qe3 Qxb2 23. Rfb1 Qa3 24. Rxb7 Bb6 25. Nd4 Rc8 26. c4 Qd6 27. Nb5 Qf6 28. Qe1 Bxf2+ 29. Qxf2 Qxa1+ 30. Kg2 Qe5 31. Rxa7 Rxc4 0-1

[Event "45th FIDE Olympiad 2024"]
[Site "Budapest"]
[Date "2024.09.13"]
[Round "3.195"]
[White "Hommadov, Amanmuhammet"]
[Black "Lim Teck Guan, Rodney"]
[Result "1-0"]
[ECO "C02"]
[WhiteElo "2181"]
[BlackElo "1931"]
[Annotator "RC"]
[PlyCount "61"]
[EventDate "2024.09.05"]
[EventType "team-tourn"]
[EventCountry "HUN"]
[SourceTitle "playchess.com"]
[Source "ChessBase"]
[SourceQuality "1"]
[WhiteTeam "Turkmenistan"]
[BlackTeam "Brunei Darussalam"]
[WhiteTeamCountry "TKM"]
[TimeControl "40/5400+30:1800+30"]

1. e4 e6 2. d4 d5 3. e5 c5 4. c3 Nc6 5. Nf3 Qb6 6. a3 Nh6 7. b4 cxd4 8. cxd4 Nf5 9. Be3 f6 10. exf6 gxf6 11. Nc3 Nxe3 12. fxe3 Bh6 13. Qd3 Bd7 14. Be2 Rc8 15. O-O Ne5 16. Nxe5 fxe5 17. Bh5+ Kd8 18. Kh1 Rc4 19. Ne2 Ba4 20. e4 Bc2 21. Qg3 Bxe4 22. Qxe5 Rg8 23. Ng3 Bg6 24. Bxg6 hxg6 25. Rf7 Rc7 26. Qf6+ Ke8 27. Rf1 Rg7 28. Rf8+ Kd7 29. Rd8+ Kc6 30. Qxe6+ Kb5 31. Rxd5+ 1-0

[Event "45th FIDE Olympiad 2024"]
[Site "Budapest"]
[Date "2024.09.13"]
[Round "3.196"]
[White "Pg. Shahridin, Ak. Abdul Wafie"]
[Black "Shirliyev, Allayar"]
[Result "0-1"]
[ECO "C54"]
[WhiteElo "1912"]
[BlackElo "2200"]
[Annotator "RC"]
[PlyCount "148"]
[EventDate "2024.09.05"]
[EventType "team-tourn"]
[EventCountry "HUN"]
[SourceTitle "playchess.com"]
[Source "ChessBase"]
[SourceQuality "1"]
[WhiteTeam "Brunei Darussalam"]
[BlackTeam "Turkmenistan"]
[BlackTeamCountry "TKM"]
[TimeControl "40/5400+30:1800+30"]

1. e4 e5 2. Nf3 Nc6 3. Bc4 Bc5 4. c3 Nf6 5. d3 d6 6. b4 Bb6 7. a4 a5 8. b5 Ne7 9. O-O O-O 10. Nbd2 Ng6 11. d4 Bg4 12. Qc2 Re8 13. Re1 exd4 14. Bb2 dxc3 15. Qxc3 Ne5 16. Nxe5 dxe5 17. Nf3 Bxf3 18. Qxf3 Qd2 19. Ba3 Rad8 20. g3 Bd4 21. Rac1 Rd7 22. Re2 Qh6 23. Rec2 Qg6 24. Bd3 Bb6 25. Bc5 Red8 26. Bxb6 Rxd3 27. Be3 Ne8 28. Rc3 h6 29. Kg2 R8d4 30. Rxd3 Rxd3 31. h4 Ra3 32. Rc4 Nd6 33. Rxc7 Rxa4 34. Bc5 Nxe4 35. h5 Qf6 36. Qxf6 gxf6 37. Be3 Nd6 38. b6 Kg7 39. Rd7 Nf5 40. Rxb7 Nxe3+ 41. fxe3 Rb4 42. Rb8 f5 43. Kf3 Rb2 44. g4 fxg4+ 45. Kxg4 Kf6 46. b7 Rb4+ 47. Kf3 Kg7 48. Kg3 a4 49. Kf3 a3 50. Ra8 Rxb7 51. Rxa3 Rb4 52. Ra5 Kf6 53. e4 Rb1 54. Kg4 Rg1+ 55. Kf3 Rf1+ 56. Kg3 Rf4 57. Ra4 Kg5 58. Ra5 Rxe4 59. Kf3 Rf4+ 60. Kg3 f6 61. Ra7 Kxh5 62. Rg7 Rf5 63. Ra7 e4 64. Ra4 Rf3+ 65. Kg2 f5 66. Ra5 Kg4 67. Ra4 Rb3 68. Ra2 f4 69. Rf2 e3 70. Rf1 f3+ 71. Kh1 e2 72. Kh2 exf1=N+ 73. Kh1 Ng3+ 74. Kg1 Ne4 0-1

[Event "45th FIDE Olympiad 2024"]
[Site "Budapest"]
[Date "2024.09.13"]
[Round "3.205"]
[White "Mwale, Joseph"]
[Black "Gemy, Jose Daniel"]
[Result "0-1"]
[ECO "E16"]
[WhiteElo "2063"]
[BlackElo "2315"]
[Annotator "RC"]
[PlyCount "168"]
[EventDate "2024.09.05"]
[EventType "team-tourn"]
[EventCountry "HUN"]
[SourceTitle "playchess.com"]
[Source "ChessBase"]
[SourceQuality "1"]
[WhiteTeam "Malawi"]
[BlackTeam "Bolivia"]
[WhiteTeamCountry "MWI"]
[BlackTeamCountry "BOL"]
[TimeControl "40/5400+30:1800+30"]

1. d4 Nf6 2. Nf3 e6 3. g3 b6 4. Bg2 Bb7 5. c4 Bb4+ 6. Nbd2 O-O 7. O-O d5 8. Ne5 Nbd7 9. Ndf3 Be7 10. Qa4 Nxe5 11. Nxe5 Qe8 12. Qc2 c5 13. dxc5 Bxc5 14. cxd5 Nxd5 15. Nd3 Be7 16. Bd2 Rc8 17. Qb3 Qd7 18. Rfd1 Qc7 19. Nf4 Qc2 20. Nxd5 exd5 21. Bc3 Qg6 22. Bxd5 Bxd5 23. Rxd5 h5 24. Rd7 Bc5 25. Qd5 h4 26. Kg2 a5 27. Rd1 h3+ 28. Kxh3 Bxf2 29. Qf3 Rce8 30. R1d6 Qh7+ 31. Kg2 Bc5 32. Rd3 Qg6 33. R7d5 Re4 34. Rg5 Rxe2+ 35. Qxe2 Qxg5 36. h4 Qg6 37. Rd5 Qc6 38. Qf3 Re8 39. Re5 Qa4 40. Rg5 Bf8 41. Qg4 Qc6+ 42. Kh2 f6 43. Rf5 Qe6 44. h5 Qe2+ 45. Kh3 Qe4 46. Qxe4 Rxe4 47. Rb5 Ra4 48. Rxb6 Rxa2 49. Kg4 Ra1 50. Rb8 Kf7 51. Rb7+ Ke6 52. Rb6+ Bd6 53. h6 f5+ 54. Kg5 gxh6+ 55. Kxh6 Kd7 56. Kg5 Rf1 57. g4 Bc5 58. Rb7+ Kc6 59. Rf7 Be3+ 60. Kg6 f4 61. Bxa5 f3 62. Rf6+ Kd5 63. Bb6 Bxb6 64. Rxb6 Re1 65. Rb5+ Ke4 66. Rf5 Rc1 67. b4 Ke3 68. g5 f2 69. Kh7 Rh1+ 70. Kg8 Rg1 71. b5 Rxg5+ 72. Rxg5 f1=Q 73. Kg7 Kf4 74. Rh5 Kg4 75. Rc5 Qf2 76. Rd5 Qf3 77. Rd6 Qc3+ 78. Kg6 Qc5 79. Rf6 Qg5+ 80. Kf7 Qd5+ 81. Kg7 Qd7+ 82. Kh6 Qxb5 83. Kg6 Qe8+ 84. Kh6 Qh8+ 0-1

[Event "45th FIDE Olympiad 2024"]
[Site "Budapest"]
[Date "2024.09.13"]
[Round "3.206"]
[White "Ticona Rocabado, Licael Roderick"]
[Black "Chipanga, Chiletso"]
[Result "1/2-1/2"]
[ECO "D12"]
[WhiteElo "2321"]
[BlackElo "2089"]
[Annotator "RC"]
[PlyCount "166"]
[EventDate "2024.09.05"]
[EventType "team-tourn"]
[EventCountry "HUN"]
[SourceTitle "playchess.com"]
[Source "ChessBase"]
[SourceQuality "1"]
[WhiteTeam "Bolivia"]
[BlackTeam "Malawi"]
[WhiteTeamCountry "BOL"]
[BlackTeamCountry "MWI"]
[TimeControl "40/5400+30:1800+30"]

1. d4 d5 2. c4 c6 3. e3 Nf6 4. Nf3 Bf5 5. Bd3 Bxd3 6. Qxd3 e6 7. O-O Bd6 8. Nc3 Nbd7 9. e4 dxe4 10. Nxe4 Nxe4 11. Qxe4 O-O 12. b3 Qe7 13. Re1 Rfe8 14. Bb2 Rad8 15. Rad1 Nf8 16. h4 f5 17. Qc2 Qf7 18. d5 exd5 19. Rxe8 Rxe8 20. cxd5 cxd5 21. Qd3 Bc7 22. Kf1 Ne6 23. Qb5 Bb6 24. Ne5 Qe7 25. Ba3 Nc7 26. Bxe7 Nxb5 27. Rxd5 Rxe7 28. Rxb5 g6 29. Nc4 Bd4 30. g3 f4 31. Rd5 Bf6 32. Nd6 fxg3 33. fxg3 a6 34. Kf2 Kf8 35. Nc4 b5 36. Ne3 Be5 37. Ng4 Rf7+ 38. Kg2 Bc7 39. Nf2 Re7 40. Kf3 Rf7+ 41. Kg2 Ke7 42. Ne4 Rf5 43. Rd3 h6 44. b4 Re5 45. Kf3 a5 46. Rc3 Bb6 47. bxa5 Bxa5 48. Rc6 Re6 49. Rc5 Bd8 50. Rxb5 Ra6 51. Rb7+ Kf8 52. Nc5 Ra3+ 53. Kg4 Be7 54. Ne6+ Ke8 55. Nc7+ Kd8 56. Ne6+ Ke8 57. Nf4 h5+ 58. Kh3 Bd6 59. Rb3 Kf7 60. Rxa3 Bxa3 61. Kg2 Kf6 62. Kf3 Kf5 63. Nh3 Ke5 64. Ng5 Kf5 65. Ne4 Ke5 66. Nd2 Kd4 67. Nf1 Bc1 68. g4 hxg4+ 69. Kxg4 Ba3 70. Nd2 Be7 71. Nf3+ Kc3 72. Ne5 Bf6 73. Nc6 Kc4 74. Na5+ Kb4 75. Nb3 Ka3 76. Nc1 Bc3 77. Ne2 Bf6 78. Nc1 Bc3 79. Nd3 Bf6 80. Nc1 Bc3 81. Kg5 Bd2+ 82. Kxg6 Bxc1 83. h5 Kxa2 1/2-1/2

[Event "45th FIDE Olympiad 2024"]
[Site "Budapest"]
[Date "2024.09.13"]
[Round "3.207"]
[White "Kamwendo, Precious"]
[Black "Pinto, Daniel"]
[Result "0-1"]
[ECO "D79"]
[WhiteElo "2001"]
[BlackElo "2273"]
[Annotator "RC"]
[PlyCount "82"]
[EventDate "2024.09.05"]
[EventType "team-tourn"]
[EventCountry "HUN"]
[SourceTitle "playchess.com"]
[Source "ChessBase"]
[SourceQuality "1"]
[WhiteTeam "Malawi"]
[BlackTeam "Bolivia"]
[WhiteTeamCountry "MWI"]
[BlackTeamCountry "BOL"]
[TimeControl "40/5400+30:1800+30"]

1. d4 Nf6 2. c4 c6 3. Nc3 d5 4. Nf3 g6 5. cxd5 cxd5 6. g3 Bg7 7. Bg2 O-O 8. O-O Nc6 9. b3 Bf5 10. Bb2 Rc8 11. Nh4 Be6 12. Rc1 Qd7 13. Nf3 Bh3 14. Ne5 Qe6 15. Nxc6 Rxc6 16. Na4 Bxg2 17. Rxc6 Qh3 18. Rxf6 Bxf1 19. Qxf1 Qxf1+ 20. Kxf1 Bxf6 21. e3 Rc8 22. Nc3 e6 23. Ke1 Be7 24. Kd1 g5 25. f3 Kg7 26. Ne2 h5 27. Nc1 h4 28. gxh4 gxh4 29. Nd3 Bd6 30. h3 Kf6 31. e4 Bh2 32. Bc1 Rg8 33. exd5 exd5 34. Bf4 Rg1+ 35. Ke2 Rg2+ 36. Kf1 Rxa2 37. Bxh2 Rxh2 38. Nf4 Kf5 39. Nxd5 Rxh3 40. Kf2 Rh2+ 41. Kg1 Rd2 0-1

[Event "45th FIDE Olympiad 2024"]
[Site "Budapest"]
[Date "2024.09.13"]
[Round "3.208"]
[White "Montevilla Cahuasa, Jonathan I."]
[Black "Mwale, George"]
[Result "1-0"]
[ECO "B01"]
[WhiteElo "2064"]
[BlackElo "2056"]
[Annotator "NA RC"]
[PlyCount "87"]
[EventDate "2024.09.05"]
[EventType "team-tourn"]
[EventCountry "HUN"]
[SourceTitle "playchess.com"]
[Source "ChessBase"]
[SourceQuality "1"]
[WhiteTeam "Bolivia"]
[BlackTeam "Malawi"]
[WhiteTeamCountry "BOL"]
[BlackTeamCountry "MWI"]
[TimeControl "40/5400+30:1800+30"]

1. e4 d5 2. exd5 Qxd5 3. Nc3 Qd8 4. d4 Nf6 5. Bc4 e6 6. Nf3 Be7 7. Ne5 Nbd7 8. Qe2 Nb6 9. Be3 Nxc4 10. Qxc4 O-O 11. O-O a6 12. a4 Nd5 13. Ne4 f6 14. Nf3 b6 15. Qe2 f5 16. Nc3 Nxc3 17. bxc3 Bd6 18. Bd2 Qf6 19. Rfe1 Re8 20. a5 Bb7 21. Rab1 b5 22. Ne5 Be4 23. Bf4 Qe7 24. f3 Bd5 25. Qf2 c5 26. Qg3 Qc7 27. Nd3 Bxf4 28. Nxf4 cxd4 29. cxd4 Qc3 30. Rbd1 Qc7 31. Re5 Qf7 32. Rde1 Rac8 33. Qf2 g5 34. Qg3 Ba2 35. Qxg5+ Kh8 36. R5e2 Rg8 37. Qh4 Qg7 38. Qf2 Bc4 39. Nxe6 Qh6 40. Re5 Rg6 41. d5 Bxd5 42. Rxd5 Rxe6 43. Qd4+ Rf6 44. Rxf5 1-0

[Event "45th FIDE Olympiad 2024"]
[Site "Budapest"]
[Date "2024.09.13"]
[Round "3.209"]
[White "Al Hosani, Omran"]
[Black "Van Bemmelen, Ursus"]
[Result "1-0"]
[ECO "E01"]
[WhiteElo "2241"]
[BlackElo "2146"]
[Annotator "RC"]
[PlyCount "63"]
[EventDate "2024.09.05"]
[EventType "team-tourn"]
[EventCountry "HUN"]
[SourceTitle "playchess.com"]
[Source "ChessBase"]
[SourceQuality "1"]
[WhiteTeam "United Arab Emirates"]
[BlackTeam "Netherlands Antilles"]
[WhiteTeamCountry "UAE"]
[BlackTeamCountry "AHO"]
[TimeControl "40/5400+30:1800+30"]

1. d4 d5 2. c4 e6 3. Nf3 Nf6 4. g3 Bb4+ 5. Bd2 Bd6 6. Bg2 O-O 7. O-O c6 8. Nc3 Nbd7 9. b3 Qe7 10. Qc2 dxc4 11. bxc4 e5 12. e3 h6 13. Nh4 Bb4 14. Rab1 a5 15. c5 g6 16. a3 Bxc3 17. Bxc3 e4 18. f3 Nd5 19. Bd2 exf3 20. Rxf3 N7f6 21. Re1 Ne4 22. Nxg6 fxg6 23. Rxf8+ Qxf8 24. Bxe4 Qg7 25. Bxg6 Bh3 26. Bf5 Bxf5 27. Qxf5 Rf8 28. Qe6+ Kh7 29. Rf1 Rxf1+ 30. Kxf1 a4 31. Ke2 Nc7 32. Qf5+ 1-0

[Event "45th FIDE Olympiad 2024"]
[Site "Budapest"]
[Date "2024.09.13"]
[Round "3.210"]
[White "Capella, Rurik"]
[Black "Ammar, Sedrani"]
[Result "1/2-1/2"]
[ECO "B11"]
[WhiteElo "1971"]
[BlackElo "2226"]
[Annotator "RC"]
[PlyCount "60"]
[EventDate "2024.09.05"]
[EventType "team-tourn"]
[EventCountry "HUN"]
[SourceTitle "playchess.com"]
[Source "ChessBase"]
[SourceQuality "1"]
[WhiteTeam "Netherlands Antilles"]
[BlackTeam "United Arab Emirates"]
[WhiteTeamCountry "AHO"]
[BlackTeamCountry "UAE"]
[TimeControl "40/5400+30:1800+30"]

1. e4 c6 2. Nc3 d5 3. Qe2 dxe4 4. Nxe4 g6 5. d4 Bg7 6. c3 Nf6 7. Nxf6+ Bxf6 8. Bh6 Qa5 9. Nf3 Bg4 10. h3 Bxf3 11. Qxf3 Bxd4 12. Bc4 Bf6 13. O-O-O Qf5 14. Qxf5 gxf5 15. g4 fxg4 16. hxg4 e6 17. f4 Rg8 18. f5 e5 19. g5 b5 20. Bb3 Bxg5+ 21. Bxg5 Rxg5 22. Rxh7 Rxf5 23. Rh8+ Ke7 24. Rdd8 a5 25. Rxb8 Rf1+ 26. Kd2 Rxb8 27. Rxb8 f5 28. a4 Rf2+ 29. Kc1 Rf1+ 30. Kd2 Rf2+ 1/2-1/2

[Event "45th FIDE Olympiad 2024"]
[Site "Budapest"]
[Date "2024.09.13"]
[Round "3.211"]
[White "Ahmed, Fareed"]
[Black "Van Opstal, Rurik"]
[Result "1/2-1/2"]
[ECO "B76"]
[WhiteElo "2061"]
[BlackElo "2006"]
[Annotator "NA RC"]
[PlyCount "61"]
[EventDate "2024.09.05"]
[EventType "team-tourn"]
[EventCountry "HUN"]
[SourceTitle "playchess.com"]
[Source "ChessBase"]
[SourceQuality "1"]
[WhiteTeam "United Arab Emirates"]
[BlackTeam "Netherlands Antilles"]
[WhiteTeamCountry "UAE"]
[BlackTeamCountry "AHO"]
[TimeControl "40/5400+30:1800+30"]

1. e4 c5 2. Nf3 d6 3. d4 cxd4 4. Nxd4 Nf6 5. Nc3 g6 6. Be3 Bg7 7. f3 O-O 8. Qd2 Nc6 9. O-O-O d5 10. exd5 Nxd5 11. Nxc6 bxc6 12. Bd4 e5 13. Bc5 Re8 14. Ne4 Qc7 15. h4 f5 16. Nd6 Rd8 17. Nxc8 Raxc8 18. Bc4 h5 19. Kb1 Kh7 20. Bb3 e4 21. Bd4 e3 22. Qe2 f4 23. Bxg7 Kxg7 24. c3 Qe5 25. Rd4 Rb8 26. Rhd1 Qf6 27. g3 fxg3 28. Bxd5 cxd5 29. Qxe3 Re8 30. Qd3 Rf8 31. Rxd5 1/2-1/2

[Event "45th FIDE Olympiad 2024"]
[Site "Budapest"]
[Date "2024.09.13"]
[Round "3.212"]
[White "Blijstra, Willem"]
[Black "Sultan, Ibrahim"]
[Result "0-1"]
[ECO "D00"]
[WhiteElo "2063"]
[BlackElo "2206"]
[Annotator "RC"]
[PlyCount "30"]
[EventDate "2024.09.05"]
[EventType "team-tourn"]
[EventCountry "HUN"]
[SourceTitle "playchess.com"]
[Source "ChessBase"]
[SourceQuality "1"]
[WhiteTeam "Netherlands Antilles"]
[BlackTeam "United Arab Emirates"]
[WhiteTeamCountry "AHO"]
[BlackTeamCountry "UAE"]
[TimeControl "40/5400+30:1800+30"]

1. d4 d5 2. Nc3 Nf6 3. Bf4 c5 4. e3 a6 5. dxc5 Nc6 6. Nf3 e6 7. Na4 Nd7 8. Nd4 Nxc5 9. c3 f6 10. Nxc5 Bxc5 11. Nb3 Be7 12. Bd3 f5 13. c4 e5 14. Bg3 Be6 15. O-O dxc4 0-1

[Event "45th FIDE Olympiad 2024"]
[Site "Budapest"]
[Date "2024.09.13"]
[Round "3.213"]
[White "Chinchilla, Alejandro Jose"]
[Black "Duran Vega, Sergio"]
[Result "0-1"]
[ECO "C43"]
[WhiteElo "2113"]
[BlackElo "2308"]
[Annotator "RC"]
[PlyCount "128"]
[EventDate "2024.09.05"]
[EventType "team-tourn"]
[EventCountry "HUN"]
[SourceTitle "playchess.com"]
[Source "ChessBase"]
[SourceQuality "1"]
[WhiteTeam "Honduras"]
[BlackTeam "Costa Rica"]
[WhiteTeamCountry "HON"]
[BlackTeamCountry "CRI"]
[TimeControl "40/5400+30:1800+30"]

1. e4 e5 2. Nf3 Nf6 3. d4 Nxe4 4. Bd3 d5 5. Nxe5 Bd6 6. Nc3 Nxc3 7. bxc3 Nd7 8. O-O O-O 9. Nxd7 Bxd7 10. Qh5 f5 11. Bg5 Qe8 12. Qf3 Qg6 13. Bf4 Bxf4 14. Qxf4 Qd6 15. Qxd6 cxd6 16. c4 Be6 17. cxd5 Bxd5 18. c4 Bf7 19. Rfb1 Rab8 20. f4 Rfc8 21. Rb4 a5 22. Ra4 b6 23. Rb1 g6 24. d5 Be8 25. Ra3 a4 26. Bf1 Bd7 27. Re3 Re8 28. Kf2 Kf7 29. Rxe8 Kxe8 30. h4 Kd8 31. h5 Kc7 32. hxg6 hxg6 33. a3 Re8 34. Bd3 Rh8 35. Re1 Rh7 36. Re3 Rh4 37. Rf3 b5 38. Ke3 bxc4 39. Bxc4 Kb6 40. Kd4 g5 41. Be2 Bb5 42. Bxb5 Kxb5 43. g3 Rg4 44. Rf1 Rxg3 45. fxg5 Rg4+ 46. Ke3 Rxg5 47. Kf4 Rh5 48. Rc1 Rh4+ 49. Kxf5 Rc4 50. Rd1 Kc5 51. Ke6 Re4+ 52. Kd7 Re3 53. Kc7 Rxa3 54. Rc1+ Kxd5 55. Rd1+ Kc5 56. Rxd6 Rh3 57. Rc6+ Kb5 58. Rb6+ Ka5 59. Rb1 Rh6 60. Ra1 Kb4 61. Rb1+ Kc3 62. Ra1 Kb3 63. Rg1 Rh2 64. Kb6 a3 0-1

[Event "45th FIDE Olympiad 2024"]
[Site "Budapest"]
[Date "2024.09.13"]
[Round "3.214"]
[White "Valdes Romero, Leonardo"]
[Black "Colindres, Daniel"]
[Result "1-0"]
[ECO "A26"]
[WhiteElo "2347"]
[BlackElo "2079"]
[Annotator "RC"]
[PlyCount "105"]
[EventDate "2024.09.05"]
[EventType "team-tourn"]
[EventCountry "HUN"]
[SourceTitle "playchess.com"]
[Source "ChessBase"]
[SourceQuality "1"]
[WhiteTeam "Costa Rica"]
[BlackTeam "Honduras"]
[WhiteTeamCountry "CRI"]
[BlackTeamCountry "HON"]
[TimeControl "40/5400+30:1800+30"]

1. Nf3 g6 2. c4 Bg7 3. Nc3 Nc6 4. g3 d6 5. Bg2 e5 6. d3 f5 7. O-O Nf6 8. Rb1 O-O 9. b4 Nh5 10. b5 Ne7 11. Qb3 h6 12. c5+ Kh7 13. cxd6 cxd6 14. Ba3 Rf6 15. Nd2 a5 16. Rfc1 Be6 17. Qa4 Rb8 18. Nc4 Bxc4 19. dxc4 b6 20. Rd1 e4 21. e3 Re6 22. Ne2 Qc7 23. Rbc1 g5 24. Nd4 Bxd4 25. Rxd4 g4 26. Qd1 Nc8 27. c5 bxc5 28. Bxc5 Qe7 29. Ba3 Nf6 30. b6 Ne8 31. Rd5 Kg6 32. Rxa5 Nxb6 33. Rb5 Nd7 34. Rxb8 Nxb8 35. Qb3 Nd7 36. Rb1 Nef6 37. Qb7 Qd8 38. Qa7 Qc8 39. Rc1 Qb8 40. Qxb8 Nxb8 41. Rd1 d5 42. Bb2 Nbd7 43. Bf1 Rb6 44. Bd4 Rb4 45. a3 Rb3 46. Ra1 Nb6 47. a4 Nfd7 48. Bb5 Kf7 49. Bxd7 Nxd7 50. a5 Rb8 51. a6 Ke7 52. a7 Ra8 53. Ra6 1-0

[Event "45th FIDE Olympiad 2024"]
[Site "Budapest"]
[Date "2024.09.13"]
[Round "3.215"]
[White "Gavarrete, Joel"]
[Black "Jimenez Garcia, Emmanuel"]
[Result "0-1"]
[ECO "A37"]
[WhiteElo "2059"]
[BlackElo "2352"]
[Annotator "RC"]
[PlyCount "82"]
[EventDate "2024.09.05"]
[EventType "team-tourn"]
[EventCountry "HUN"]
[SourceTitle "playchess.com"]
[Source "ChessBase"]
[SourceQuality "1"]
[WhiteTeam "Honduras"]
[BlackTeam "Costa Rica"]
[WhiteTeamCountry "HON"]
[BlackTeamCountry "CRI"]
[TimeControl "40/5400+30:1800+30"]

1. Nf3 g6 2. c4 Bg7 3. Nc3 c5 4. g3 Nc6 5. Bg2 d6 6. O-O Bf5 7. d3 Qd7 8. a3 Bh3 9. Rb1 h5 10. Bxh3 Qxh3 11. Ng5 Qd7 12. h4 Nh6 13. Kg2 Nf5 14. e4 Nfd4 15. Ne2 Nxe2 16. Qxe2 b5 17. Nf3 Rb8 18. Be3 bxc4 19. dxc4 Rb3 20. Qc2 Qb7 21. Nd2 Rxb2 22. Rxb2 Qxb2 23. Qa4 Qb7 24. Rb1 Qc8 25. Qb5 O-O 26. Qb7 Qxb7 27. Rxb7 Rc8 28. f4 Bc3 29. Nf3 Ba5 30. e5 Rb8 31. Rxb8+ Nxb8 32. exd6 exd6 33. Kf2 f6 34. Bd2 Bxd2 35. Nxd2 Kf7 36. Nf1 Nc6 37. Ke2 Ke6 38. Ne3 Nd4+ 39. Kd3 Nf5 40. Nf1 d5 41. cxd5+ Kxd5 0-1

[Event "45th FIDE Olympiad 2024"]
[Site "Budapest"]
[Date "2024.09.13"]
[Round "3.216"]
[White "Cabezas Solano, David Alejandro"]
[Black "Zuniga Garcia, German"]
[Result "1-0"]
[ECO "A39"]
[WhiteElo "2248"]
[BlackElo "1877"]
[Annotator "RC"]
[PlyCount "47"]
[EventDate "2024.09.05"]
[EventType "team-tourn"]
[EventCountry "HUN"]
[SourceTitle "playchess.com"]
[Source "ChessBase"]
[SourceQuality "1"]
[WhiteTeam "Costa Rica"]
[BlackTeam "Honduras"]
[WhiteTeamCountry "CRI"]
[BlackTeamCountry "HON"]
[TimeControl "40/5400+30:1800+30"]

1. Nf3 g6 2. g3 Bg7 3. c4 c5 4. Bg2 Nc6 5. O-O Nf6 6. Nc3 O-O 7. d4 cxd4 8. Nxd4 Qb6 9. Nc2 d6 10. b3 a5 11. h3 Nd7 12. Be3 Nc5 13. Qd2 Bf5 14. Rac1 Rfe8 15. Na3 Red8 16. Nd5 Qa7 17. Nb5 Qb8 18. Ndc7 Ne4 19. Qd1 g5 20. Nxa8 Qxa8 21. Nd4 Nxd4 22. Bxd4 Bf8 23. Qd3 d5 24. cxd5 1-0